 Dungeon Crawl Stone Soup version 0.29-a0-222-g5b244fca1f (webtiles) character file.

Game seed: 14500615699958907395

230517 Hasart the Sharpshooter (level 18, -2/160 HPs)
             Began as a Demigod Hunter on Feb 27, 2022.
             Slain by a vault warden
             ... wielding a +7 vorpal war axe
              (7 damage)
             ... on level 3 of the Vaults on Feb 28, 2022.
             The game lasted 01:56:06 (33734 turns).

Hasart the Sharpshooter (Demigod Hunter)           Turns: 33734, Time: 01:56:07

Health: -2/160     AC: 19    Str: 24    XL:     18   Next: 11%
Magic:  28/28      EV: 35    Int: 17    God:
Gold:   1085       SH:  0    Dex: 41    Spells: 19/24 levels left

rFire   . . .      SeeInvis .   A - +10 hand crossbow of Massacring {venom, rElec rN+}
rCold   + . .      Faith    .   (no shield)
rNeg    + . .      Spirit   .   M - +3 ring mail of the Onion {rC+ Str+3 Dex+3 Slay+3}
rPois   .          Reflect  .   X - +2 helmet
rElec   +          Harm     .   H - +2 cloak {rCorr}
rCorr   +          Rampage  .   c - +2 pair of gloves of the Prince of Darkness {Str+8 Stlth-}
Will    ++...                   U - +1 pair of boots
Stlth   ++++++....              j - amulet of regeneration
HPRegen 1.16/turn               Q - +4 ring of evasion
MPRegen 0.21/turn               v - ring of Ascent {Will+ Int+4}

@: no status effects
A: high MP 1, forlorn, divine attributes
}: 1/15 runes: decaying
a: no special abilities


You were on level 3 of the Vaults.
You visited 6 branches of the dungeon, and saw 31 of its levels.
You visited the Abyss 1 time.
You also visited: Bailey, Gauntlet, Volcano and Wizlab.

You collected 3248 gold pieces.
You spent 2163 gold pieces at shops.

Inventory:

Hand Weapons
 A - the +10 hand crossbow of Massacring (weapon) {venom, rElec rN+}
   (You bought it in a shop on level 6 of the Dungeon)

   Any ammunition fired from it poisons the flesh of those it strikes.
   rElec:     It insulates you from electricity.
   rN:        It protects you from negative energy.
 Z - a +2 vorpal arbalest
Missiles
 G - a throwing net
Armour
 c - the +2 pair of gloves of the Prince of Darkness (worn) {Str+8 Stlth-}
   (You found it in a Gauntlet)

   Str:       It affects your strength (+8).
   Stlth:     It makes you less stealthy.
 s - a +4 chain mail of cold resistance
 H - a +2 cloak of preservation (worn)
 L - a +0 troll leather armour
 M - the +3 ring mail of the Onion (worn) {rC+ Str+3 Dex+3 Slay+3}
   (You found it on level 2 of the Swamp)

   Str:       It affects your strength (+3).
   Dex:       It affects your dexterity (+3).
   Slay:      It affects your accuracy & damage with ranged weapons and melee
   (+3).
   rC:        It protects you from cold.
 P - a scarf of repulsion
 S - a +2 ring mail of poison resistance
 U - a +1 pair of boots (worn)
 V - the +4 Cigotuvi's embrace {rMiasma Drain rN+}
   (You bought it in a shop on level 12 of the Dungeon)

   It gathers nearby corpses to temporarily increase the armour it provides.
   It protects you from foul pestilence.
   rN:        It protects you from negative energy.
   Drain:     It drains your maximum health when unequipped.
 X - a +2 helmet (worn)
Jewellery
 j - an amulet of regeneration (around neck)
 t - a ring of flight
 u - a ring of see invisible
 v - the ring of Ascent (right hand) {Will+ Int+4}
   (You acquired it on level 14 of the Dungeon)

   [ring of willpower]

   Int:       It affects your intelligence (+4).
   Will:      It increases your willpower.
 N - a ring of positive energy
 Q - a +4 ring of evasion (left hand)
 R - a ring of protection from fire
Wands
 d - a wand of digging (15)
 I - a wand of iceblast (11)
 J - a wand of acid (30)
 Y - a wand of mindburst (22)
Scrolls
 k - 5 scrolls of silence
 l - 2 scrolls of teleportation
 n - 7 scrolls of enchant armour
 w - 5 scrolls of fear
 y - a scroll of holy word
 z - 7 scrolls of enchant weapon
 D - 11 scrolls of fog
 F - 2 scrolls of summoning
 K - 3 scrolls of amnesia
 T - 2 scrolls of blinking
 W - a scroll of immolation
Potions
 a - a potion of cancellation
 b - 3 potions of magic
 e - 5 potions of might
 f - 2 potions of resistance
 g - 3 potions of ambrosia
 h - 6 potions of mutation
 i - 4 potions of brilliance
 m - 2 potions of heal wounds
 o - 4 potions of invisibility
 p - 6 potions of curing
 r - 13 potions of haste
 x - a potion of berserk rage {unknown}
 B - 5 potions of flight
 E - 3 potions of lignification
Miscellaneous
 q - a box of beasts
 C - a phantom mirror
 O - a lightning rod (4/4)


   Skills:
 + Level 14.0 Fighting
 * Level 19.5 Crossbows
 + Level 14.0 Dodging
 + Level 15.1 Stealth
 + Level 3.9 Spellcasting
 + Level 4.2 Hexes
 + Level 4.4 Transmutations
 - Level 7.0 Evocations


You had 19 spell levels left.
You knew the following spells:

 Your Spells              Type           Power      Damage    Failure   Level
a - Yara's Violent Unrav  Hex/Tmut       9%         3d6       75%         5

Your spell library contained the following spells:

 Spells                   Type           Power      Damage    Failure   Level
 Slow                     Hex            68%        N/A       4%          1
 Confusing Touch          Hex            17%        N/A       13%         3
 Tukima's Dance           Hex            17%        N/A       13%         3
 Passwall                 Tmut/Erth      8%         N/A       16%         2
 Animate Skeleton         Necr           6%         N/A       26%         1
 Apportation              Tloc           6%         N/A       26%         1
 Magic Dart               Conj           12%        1d3       26%         1
 Sandblast                Erth           6%         2d5       26%         1
 Shock                    Conj/Air       12%        1d3       26%         1
 Summon Small Mammal      Summ           12%        N/A       26%         1
 Dazzling Flash           Conj/Hex       20%        N/A       30%         3
 Inner Flame              Hex/Fire       10%        N/A       30%         3
 Corpse Rot               Necr/Air       6%         N/A       36%         2
 Poisonous Vapours        Pois/Air       6%         N/A       36%         2
 Scorch                   Fire           6%         2d5       36%         2
 Searing Ray              Conj           6%         2d4       36%         2
 Static Discharge         Conj/Air       3%         N/A       36%         2
 Ignite Poison            Fire/Tmut/Pois 8%         N/A       38%         3
 Gell's Gravitas          Tloc           3%         N/A       58%         3
 Lesser Beckoning         Tloc           3%         N/A       58%         3
 Mephitic Cloud           Conj/Pois/Air  3%         N/A       58%         3
 Stone Arrow              Conj/Erth      6%         3d7       58%         3
 Swiftness                Air            3%         N/A       58%         3
 Teleport Other           Tloc           3%         N/A       58%         3
 Vampiric Draining        Necr           3%         2d6       58%         3
 Ice Form                 Ice/Tmut       10%        N/A       69%         4
 Fulminant Prism          Conj/Hex       5%         3d7       71%         4
 Blade Hands              Tmut           9%         N/A       75%         5
 Airstrike                Air            1%         N/A       94%         4
 Animate Armour           Summ/Erth      6%         N/A       94%         4
 Animate Dead             Necr           1%         N/A       94%         4
 Dispel Undead            Necr           3%         3d7       94%         4
 Flame Wave               Conj/Fire      3%         2d4       94%         4
 Hailstorm                Conj/Ice       3%         3d3       94%         4
 Iskenderun's Mystic Bla  Conj/Tloc      3%         2d3       94%         4
 Sticky Flame             Conj/Fire      3%         2d3       94%         4
 Irradiate                Conj/Tmut      5%         3d15      95%         5
 Silence                  Hex/Air        5%         N/A       96%         5
 Summon Mana Viper        Hex/Summ       10%        N/A       96%         5
 Agony                    Necr           3%         N/A       100%        5
 Borgnjor's Vile Clutch   Necr/Erth      1%         N/A       100%        5
 Freezing Cloud           Conj/Ice/Air   1%         6-21      100%        5
 Summon Forest            Summ/Tloc      1%         N/A       100%        5
 Death Channel            Necr           1%         N/A       100%        6
 Simulacrum               Ice/Necr       1%         N/A       100%        6
 Starburst                Conj/Fire      1%         6d3       100%        6
 Summon Cactus Giant      Summ           1%         N/A       100%        6
 Dragon Form              Tmut           9%         N/A       100%        7
 Enfeeble                 Hex            8%         N/A       100%        7
 Lehudib's Crystal Spear  Conj/Erth      1%         10d2      100%        8
 Fire Storm               Conj/Fire      1%         8d1       100%        9
 Polar Vortex             Ice            1%         N/A       100%        9


Dungeon Overview and Level Annotations

Branches:
Dungeon (15/15)            Temple (0/1) D:4            Lair (6/6) D:9
  Swamp (4/4) Lair:4        Snake (0/4) Lair:2        Slime (0/5) Lair:5
    Orc (2/2) D:11            Elf (1/3) Orc:2        Vaults (3/5) D:14
 Depths (0/4) D:15         Bailey (visited)         Volcano (visited)
 WizLab (visited)         Gauntlet (visited)
  Crypt: Vaults:2-3

Shops:
D:6 (   D:9 :   D:12 [   Orc:2 [(?:   Elf:1 (   Vaults:2 *

Portals:
Abyss: Lair:6
Trove: D:13 (give +3 ice dragon scales)

Annotations:
Lair:1 1 runed translucent door, Roaleyf's ghost, journeyman DsDe
Lair:3 2 runed translucent doors, Crownlay's ghost, journeyman GrEE
Lair:5 3 runed translucent doors, Kyulydaec's ghost, journeyman OpTm
Swamp:3 Mlioglotl
Vaults:3 Asterion


Innate Abilities, Weirdness & Mutations

You have an increased reservoir of magic. (+10% MP)
You shall have no god before yourself.
Your divine heritage dramatically boosts your attributes as you level up.


Message History

The vault warden is moderately wounded.
The vault warden hits you with a +7 vorpal war axe!!
Unknown command.
Shoot: A) +10 hand crossbow of Massacring {venom, rElec rN+}
Press: ? - help, Q - select action, (/) - cycle Shift-Dir - straight line, f/p - vault warden
Aim: a vault warden, wielding a +7 vorpal war axe, wearing a +0 plate armour and wearing a +0 kite shield (lightly wounded, 84% to hit)
You shoot a bolt. The bolt hits the vault warden!
The vault warden is moderately wounded.
The vault warden looks more healthy.
The vault warden completely misses you.
A vault warden opens the door.
Shoot: A) +10 hand crossbow of Massacring {venom, rElec rN+}
Press: ? - help, Q - select action, (/) - cycle Shift-Dir - straight line, f/p - vault warden
Aim: a vault warden, wielding a +7 vorpal war axe, wearing a +0 plate armour and wearing a +0 kite shield (moderately wounded, 84% to hit)
You shoot a bolt.
The bolt closely misses the vault warden.
The bolt hits the vault warden!
The vault warden is almost dead.
The vault warden activates a sealing rune.
Shoot: A) +10 hand crossbow of Massacring {venom, rElec rN+}
Press: ? - help, Q - select action, (/) - cycle Shift-Dir - straight line, f - vault warden, p - vault warden
Aim: a vault warden, wielding a +1 vampiric broad axe, wearing a +0 plate armour and wearing a +0 tower shield (almost dead, 86% to hit)
You shoot a bolt. The vault warden blocks the bolt.
The vault warden misses you.
The vault warden activates a sealing rune.
The vault warden hits you with a +1 vampiric broad axe!!
The vault warden draws strength from your wounds!
The vault warden hits you with a +7 vorpal war axe!!
* * * LOW HITPOINT WARNING * * *
x2 Unknown command.
Shoot: A) +10 hand crossbow of Massacring {venom, rElec rN+}
Press: ? - help, Q - select action, (/) - cycle Shift-Dir - straight line, f/p - vault warden
Aim: a vault warden, wielding a +1 vampiric broad axe, wearing a +0 plate armour and wearing a +0 tower shield (severely wounded, 86% to hit)
You shoot a bolt. The bolt hits the vault warden!
The vault warden looks as sick as possible!
The vault warden is almost dead.
The purple very ugly thing basks in the mutagenic energy from its kin and changes!
The vault warden closely misses you.
The vault warden hits you with a +7 vorpal war axe!!
* * * LOW HITPOINT WARNING * * *
You die...

.................................
........########.................
........#.)..+.#.................
........#)#..#.#.................
........#.#'##.#.......u.........
........#.#.)#.#u................
###.....#.####.#u########........
..#.....#......#pp......#.p......
..#....)#'##++##@#......#u.......
..#..............#......#........
..#..............#......#........
..#..............#..<...#........
..#..##########..#......#........
..#..#....... #..#......#........
..#..#....... #..########....)...
..#..#....... #.......u..........
###..'....... #..................


You could see a brown very ugly thing, 2 vault wardens and a brown ugly thing.

Vanquished Creatures
  Mara (Swamp:3)
  Jorgrun (D:13)
  A tentacled monstrosity (Swamp:3)
  3 thorn hunters
  A fenstrider witch (Swamp:1)
  5 vault wardens
  Aizul (Swamp:4)
  An orc warlord (Vaults:1)
  Louise (Swamp:3)
  6 very ugly things
  7 ironbound preservers
  2 ironbound thunderhulks (Vaults:2)
  6 eleionomae
  2 stone giants
  4 bunyips
  3 dire elephants (Vaults:2)
  A minotaur (Gauntlet)
  2 fire dragons
  An ettin (Vaults:3)
  2 great orbs of eyes
  9 vault guards
  2 shambling mangroves (Swamp:4)
  4 yaktaur captains
  23 hydras
  Harold (D:7)
  Erica (Orc:1)
  6 boulder beetles
  4 ghost crabs
  A death knight (D:12)
  5 ironbound frosthearts
  18 centaur warriors
  5 two-headed ogres
  7 alligators
  23 death yaks
  4 tengu warriors (D:15)
  2 thrashing horrors (Lair:6)
  2 large abominations (Abyss:2)
  Sonja (Lair:5)
  A skeletal warrior (D:11)
  A spatial maelstrom (Abyss:2)
  4 goliath frogs
  A death drake (Swamp:1)
  6 bog bodies
  7 swamp dragons
  A deep elf archer (Elf:1)
  A glowing orange brain (Vaults:2)
  2 spriggan druids
  24 deep trolls
  8 ironbound convokers
  9 wizards
  15 lindwurms
  5 orc knights
  5 deep elf zephyrmancers
  4 deep elf pyromancers
  7 harpies (Vaults:1)
  8 cyclopes
  45 ugly things
  2 will-o-the-wisps (Swamp:1)
  4 manticores
  A worldbinder (Gauntlet)
  8 elephants
  A black mamba (Lair:5)
  6 smoke demons
  An apocalypse crab (Gauntlet)
  A guardian serpent (Lair:2)
  An orange demon (Abyss:2)
  14 vault sentinels
  An ice statue (D:10)
  2 torpor snails
  2 minotaur zombies
  6 rime drakes
  2 gargoyles
  3 unseen horrors
  8 cane toads
  An ancient zyme (Lair:6)
  2 efreet
  A kobold demonologist (D:14)
  A freezing wraith (D:11)
  10 komodo dragons
  8 yaktaurs
  3 polar bears
  10 tyrant leeches
  3 meliai (D:14)
  A red devil (Gauntlet)
  2 bloated husks
  6 hornets
  A meliai (shapeshifter) (D:15)
  7 trolls
  2 polar bears (shapeshifter)
  5 raiju (Abyss:2)
  9 slime creatures
  A wind drake (shapeshifter) (Lair:6)
  28 blink frogs
  11 flying skulls (Gauntlet)
  3 ynoxinuls (Lair:6)
  A culicivora (shapeshifter) (Vaults:1)
  6 spriggans
  A shadow (D:9)
  A water elemental (Elf:1)
  A spriggan (shapeshifter) (Lair:6)
  3 wraiths
  3 fire bats (Lair:3)
  38 yaks
  11 wyverns
  6 basilisks
  Grum (D:9)
  5 steam dragons (Volcano)
  A chaos spawn (Lair:6)
  13 vampire mosquitoes
  2 wargs (Orc:1)
  2 acid dragons (D:12)
  6 water moccasins
  21 swamp worms
  A spatial vortex (Abyss:2)
  3 hell hounds (Volcano)
  A meliai simulacrum (D:14)
  5 black bears
  9 swamp drakes
  40 orc warriors
  An ice beast (D:6)
  A black bear (shapeshifter) (D:15)
  6 ogres
  3 boggarts (Gauntlet)
  A necrophage (D:5)
  10 wolves
  14 centaurs
  4 phantoms
  3 kobold brigands
  7 bullfrogs
  A scorpion (D:5)
  A gnoll sergeant (D:12)
  7 small abominations
  14 wights
  7 killer bees
  3 vampire bats (D:13)
  An electric eel (Lair:4)
  4 howler monkeys
  3 crimson imps (Gauntlet)
  A lava snake (Lair:3)
  A quasit (Abyss:2)
  4 jellies
  2 gnoll shamans
  Crazy Yiuf (D:7)
  3 hounds
  An iron imp (D:10)
  An iguana (D:4)
  12 orc wizards
  9 hell rats
  14 gnolls
  10 adders
  A shadow imp (D:5)
  2 white imps
  An ufetubus (Abyss:2)
  A dart slug (D:1)
  56 orcs
  6 endoplasms
  3 giant cockroaches
  5 hobgoblins
  2 jackals (D:2)
  17 kobolds
  4 quokkas
  5 ball pythons
  7 bats
  3 frilled lizards (D:1)
  10 goblins
  4 rats
959 creatures vanquished.

Vanquished Creatures (collateral kills)
  An ice dragon (Swamp:4)
  A hydra (Swamp:4)
  A swamp dragon (Swamp:4)
  An orc knight (Bailey)
4 creatures vanquished.

Vanquished Creatures (others)
  A bloated husk (Swamp:1)
  10 foxfires
  6 fungi
  63 plants
80 creatures vanquished.

Grand Total: 1043 creatures vanquished

Notes
Turn   | Place    | Note
-------+----------+-------------------------------------------
     0 | D:1      | Hasart the Demigod Hunter began the quest for the Orb.
     0 | D:1      | Reached XP level 1. HP: 17/17 MP: 3/3
    60 | D:1      | Reached skill level 1 in Stealth
   139 | D:1      | Reached XP level 2. HP: 12/24 MP: 2/4
   394 | D:1      | Reached skill level 4 in Crossbows
   692 | D:2      | Reached XP level 3. HP: 29/29 MP: 5/5
  1878 | D:3      | Reached XP level 4. HP: 37/37 MP: 6/6
  2722 | D:4      | Found a staircase to the Ecumenical Temple.
  2738 | D:4      | Reached XP level 5. HP: 33/42 MP: 7/7
  3114 | D:5      | Entered Level 5 of the Dungeon
  3126 | D:5      | Reached skill level 1 in Evocations
  3141 | D:5      | Noticed a water moccasin
  3150 | D:5      | Killed a water moccasin
  3151 | D:5      | Reached skill level 5 in Crossbows
  3151 | D:5      | Reached XP level 6. HP: 18/51 MP: 8/8
  3374 | D:5      | Reached XP level 7. HP: 49/57 MP: 9/9
  3554 | D:5      | Identified the +10 spear "Zaess" {venom, rPois rF- Str+2
                  | Dex+7}
  3567 | D:5      | Reached skill level 6 in Crossbows
  3981 | D:6      | Reached XP level 8. HP: 60/66 MP: 10/10
  4166 | D:6      | Found Zogutish's Antique Weapon Boutique.
  4170 | D:6      | Bought an ancient hand crossbow for 195 gold pieces
  4170 | D:6      | Identified the +10 hand crossbow of Massacring {venom,
                  | rElec rN+} (You bought it in a shop on level 6 of the
                  | Dungeon)
  4456 | D:6      | Reached skill level 7 in Crossbows
  4461 | D:6      | Identified the amulet "Bebira" {RegenMP -Tele rN+ MP+9
                  | Str+3}
  5184 | D:7      | Noticed Harold
  5202 | D:7      | Reached skill level 5 in Stealth
  5207 | D:7      | Killed Harold
  5208 | D:7      | Reached skill level 5 in Fighting
  5208 | D:7      | Reached skill level 8 in Crossbows
  5208 | D:7      | Reached skill level 5 in Dodging
  5208 | D:7      | Reached XP level 9. HP: 20/74 MP: 11/11
  5463 | D:7      | Found a runed translucent door.
  5464 | D:7      | Noticed Crazy Yiuf
  5591 | D:7      | Killed Crazy Yiuf
  5739 | D:8      | Noticed a red ugly thing
  6060 | D:8      | Got the Handbook of Dislocation
  6192 | D:8      | Killed a red ugly thing
  6252 | D:9      | Found a flagged portal.
  6275 | Bailey   | Entered a bailey
  6351 | Bailey   | Reached skill level 5 in Evocations
  6454 | Bailey   | Reached XP level 10. HP: 83/83 MP: 13/13
  6463 | Bailey   | Noticed an orc knight
  6485 | Bailey   | Killed an orc knight
  6486 | Bailey   | Reached skill level 9 in Crossbows
  6578 | Bailey   | Found a large runed translucent door.
  6578 | Bailey   | Found a large runed translucent door.
  6579 | Bailey   | Noticed a deep elf pyromancer
  6631 | Bailey   | Killed a deep elf pyromancer
  6828 | D:9      | Noticed Grum
  6851 | D:9      | Killed Grum
  6905 | D:9      | Found Avompo's Book Shop.
  7359 | D:9      | Found a staircase to the Lair.
  7359 | D:9      | Noticed an elephant
  7394 | D:9      | Killed an elephant
  7912 | D:10     | Entered Level 10 of the Dungeon
  8160 | D:10     | Reached skill level 10 in Crossbows
  8449 | D:10     | Noticed an ice statue
  8508 | D:10     | Killed an ice statue
  8509 | D:10     | Reached XP level 11. HP: 91/91 MP: 14/14
  8831 | D:11     | Noticed a two-headed ogre
  8864 | D:11     | Killed a two-headed ogre
  8925 | D:11     | Noticed a two-headed ogre
  8941 | D:11     | Killed a two-headed ogre
  9043 | D:11     | Got the Almanac of Yeast
  9208 | D:11     | Noticed a two-headed ogre
  9215 | D:11     | Killed a two-headed ogre
  9249 | D:11     | Reached skill level 11 in Crossbows
  9386 | D:11     | Found a staircase to the Orcish Mines.
  9781 | Orc:1    | Entered Level 1 of the Orcish Mines
  9874 | Orc:1    | Noticed Erica
  9893 | Orc:1    | Killed Erica
 10055 | Orc:2    | Entered Level 2 of the Orcish Mines
 10055 | Orc:2    | Found a staircase to the Elven Halls.
 10664 | Orc:2    | Noticed an orc knight
 10671 | Orc:2    | Killed an orc knight
 10759 | Orc:2    | Noticed an orc knight
 10765 | Orc:2    | Killed an orc knight
 10766 | Orc:2    | Reached XP level 12. HP: 101/101 MP: 15/15
 10771 | Orc:2    | Found Hiacong's Magic Scroll Boutique.
 10771 | Orc:2    | Found Sineckoh's Antique Weapon Shoppe.
 10773 | Orc:2    | Found Rebak's Antique Armour Emporium.
 10775 | Orc:2    | Found Serroep's Book Shop.
 10814 | Orc:2    | Bought a scroll of blinking for 127 gold pieces
 10814 | Orc:2    | Bought a scroll of magic mapping for 59 gold pieces
 10817 | Orc:2    | Bought a pair of glowing boots for 180 gold pieces
 11033 | Orc:2    | Bought an ichor-stained hand crossbow for 323 gold pieces
 11033 | Orc:2    | Identified the +5 hand crossbow "Guganlob" {elec, +Blink
                  | rF+} (You bought it in a shop on level 2 of the Orcish
                  | Mines)
 11209 | Lair:1   | Entered Level 1 of the Lair of Beasts
 11485 | Orc:2    | Bought a scroll of immolation for 59 gold pieces
 11485 | Orc:2    | Bought a scroll of vulnerability for 127 gold pieces
 11485 | Orc:2    | Bought a scroll of teleportation for 51 gold pieces
 11750 | Lair:1   | Noticed Roaleyf's ghost (journeyman DsDe)
 11753 | Lair:1   | Found a runed translucent door.
 11869 | Lair:1   | Reached skill level 12 in Crossbows
 12825 | Lair:2   | Found a staircase to the Snake Pit.
 13527 | Lair:3   | Got the Tome of the Enchanting Glacier
 13543 | Lair:3   | Found a large runed translucent door.
 13543 | Lair:3   | Found a large runed translucent door.
 13545 | Lair:3   | Noticed Crownlay's ghost (journeyman GrEE)
 14023 | Lair:4   | Reached skill level 13 in Crossbows
 14066 | Lair:4   | Found a staircase to the Swamp.
 14123 | Lair:4   | Reached XP level 13. HP: 111/111 MP: 16/16
 14154 | Lair:4   | Reached skill level 10 in Stealth
 14420 | Lair:4   | You fall into a shaft and drop 2 floors!
 14420 | Lair:6   | Entered Level 6 of the Lair of Beasts
 14505 | Lair:5   | Found a staircase to the Slime Pits.
 14648 | Lair:5   | Reached skill level 14 in Crossbows
 14732 | Lair:6   | Found a dark tunnel.
 14741 | Volcano  | Entered a volcano
 14811 | Volcano  | Reached skill level 10 in Fighting
 14856 | Volcano  | Reached skill level 10 in Dodging
 15342 | Lair:5   | Reached XP level 14. HP: 113/122 MP: 17/17
 15484 | Lair:5   | Noticed Sonja
 15499 | Lair:5   | Killed Sonja
 15738 | Lair:5   | Found a runed translucent gate.
 15738 | Lair:5   | Found a runed translucent gate.
 15739 | Lair:5   | Found a runed translucent gate.
 15741 | Lair:5   | Noticed Kyulydaec's ghost (journeyman OpTm)
 16614 | Lair:6   | Reached skill level 15 in Crossbows
 17287 | Lair:6   | Identified the +9 mace of Vuesk {vorpal, rElec rN+ Int+2}
 17434 | Lair:6   | Found a one-way gate to the infinite horrors of the Abyss.
 18063 | D:12     | Found Ykivvit's Antique Armour Shop.
 18655 | D:13     | Found a gate leading to a gauntlet.
 18664 | Gauntlet | Entered a Gauntlet
 18664 | Gauntlet | Found a transporter.
 18673 | Gauntlet | Found a transporter.
 18676 | Gauntlet | Found a transporter.
 18677 | Gauntlet | Found a transporter.
 18685 | Gauntlet | Found a transporter.
 18688 | Gauntlet | Found a transporter.
 18689 | Gauntlet | Found a transporter.
 18698 | Gauntlet | Found a transporter.
 18701 | Gauntlet | Found a transporter.
 18702 | Gauntlet | Found a transporter.
 18711 | Gauntlet | Found a transporter.
 18713 | Gauntlet | Found a transporter.
 18714 | Gauntlet | Found a transporter.
 18727 | Gauntlet | Found a transporter.
 19236 | Gauntlet | Identified the +2 pair of gloves of the Prince of Darkness
                  | {Str+8 Stlth-}
 19305 | Gauntlet | Identified the ring "Foghy" {MP+9 Int+3}
 19323 | Gauntlet | Identified the +7 rapier of Capital Punishment {vorpal,
                  | +Blink Fly rCorr Dex+3}
 19386 | Gauntlet | Identified the +3 dagger of Popular Demand {elec, Will-
                  | Str+5 Int+2}
 19386 | Gauntlet | Identified the +2 dagger of the Turnip {protect, MP+9 SInv}
 19387 | Gauntlet | Got the Volume of Fetching Confrontation
 19497 | D:12     | Bought the +4 Cigotuvi's embrace {rMiasma Drain rN+} for
                  | 938 gold pieces
 19497 | D:12     | Found the +4 Cigotuvi's embrace {rMiasma Drain rN+}
 19639 | D:13     | Noticed Jorgrun
 19652 | D:13     | Killed Jorgrun
 19911 | D:13     | Reached skill level 16 in Crossbows
 19968 | D:13     | Found a portal to a secret trove of treasure.
 20054 | D:14     | Reached XP level 15. HP: 93/130 MP: 18/18
 20366 | D:14     | Identified a scroll of acquirement
 20366 | D:14     | Acquired the ring of Ascent {Will+ Int+4}
 20502 | D:14     | Found a gate to the Vaults.
 21299 | D:15     | Entered Level 15 of the Dungeon
 21996 | D:15     | Reached skill level 17 in Crossbows
 22150 | D:15     | Found a staircase to the Depths.
 22553 | Elf:1    | Entered Level 1 of the Elven Halls
 22618 | Elf:1    | Found a magical portal.
 22660 | WizLab   | Entered Wucad Mu's Monastery
 22685 | WizLab   | Noticed a grey draconian monk
 22685 | WizLab   | Noticed a grey draconian monk
 22825 | Elf:1    | Found Qytinoics's Antique Weapon Emporium.
 23147 | Swamp:1  | Entered Level 1 of the Swamp
 23846 | Swamp:2  | Noticed a fenstrider witch
 23932 | Swamp:2  | Paralysed by a fenstrider witch for 2 turns
 23941 | Swamp:2  | Noticed a thorn hunter
 24029 | Swamp:1  | HP: 6/134 [eleionoma/spray of wooden splinters (6)]
 24035 | Swamp:1  | HP: 5/134 [poison]
 24040 | Swamp:1  | HP: 5/134 [poison]
 24175 | Swamp:1  | Paralysed by a fenstrider witch for 6 turns
 24185 | Swamp:1  | Killed a fenstrider witch
 24186 | Swamp:1  | Reached XP level 16. HP: 135/141 MP: 19/19
 24595 | Swamp:2  | Identified the +3 ring mail of the Onion {rC+ Str+3 Dex+3
                  | Slay+3}
 25495 | Swamp:3  | Noticed Mara
 25507 | Swamp:3  | Noticed Hasart's illusion
 25512 | Swamp:3  | Killed Mara
 25516 | Swamp:3  | Noticed Louise
 25550 | Swamp:3  | Killed Louise
 25910 | Swamp:4  | Entered Level 4 of the Swamp
 25911 | Swamp:4  | Noticed a tentacled monstrosity
 25929 | Swamp:3  | Killed a tentacled monstrosity
 25984 | Swamp:4  | Reached skill level 18 in Crossbows
 26202 | Swamp:4  | Noticed Aizul
 26225 | Swamp:4  | Killed Aizul
 26393 | Swamp:4  | Noticed Mlioglotl
 26635 | Swamp:3  | Noticed a lich
 26638 | Swamp:3  | Noticed a tentacled starspawn
 26638 | Swamp:3  | Noticed a tentacled starspawn
 27299 | Swamp:4  | HP: 7/143 [constriction (10)]
 27445 | Swamp:4  | Got a decaying rune of Zot
 27890 | Vaults:1 | Entered Level 1 of the Vaults
 28274 | Vaults:1 | Learned a level 5 spell: Yara's Violent Unravelling
 28431 | Vaults:1 | Reached XP level 17. HP: 136/150 MP: 21/21
 28486 | Vaults:1 | Reached skill level 1 in Transmutations
 28536 | Vaults:1 | Reached skill level 1 in Hexes
 28598 | Vaults:1 | Reached skill level 1 in Spellcasting
 28974 | Vaults:1 | Cast into level 2 of the Abyss (a wizard)
 29459 | Vaults:1 | Escaped the Abyss
 30421 | Vaults:2 | Reached skill level 19 in Crossbows
 31422 | Vaults:2 | Found Cial's General Store.
 31430 | Vaults:2 | Bought a potion of mutation for 104 gold pieces
 32075 | Vaults:3 | Reached skill level 15 in Stealth
 32871 | Vaults:3 | Reached XP level 18. HP: 117/159 MP: 27/27
 33418 | Vaults:3 | Identified the +4 kite shield "Giruoggea" {rF+ rN+}
 33418 | Vaults:3 | Noticed Asterion
 33734 | Vaults:3 | HP: 5/160 [vault warden/+7 vorpal war axe (35)]
 33734 | Vaults:3 | Slain by a vault warden

Illustrated notes

Levels and vault maps discovered:
D:1:      tarquinn_simple_flora_water_d, layout_rooms
D:2:      layout_basic
D:3:      layout_basic, mainiacjoe_overflow_catwalk_spiral,
          mainiacjoe_overflow_boulevard, mainiacjoe_overflow_catwalk
D:4:      layout_rooms, minmay_temple_entry_offerings,
          kennysheep_decorative_pillar
D:5:      layout_rooms
D:6:      layout_gridville, mainiacjoe_overflow_concentric_impassable,
          serial_rivers, chequers_serial_rivers_room_b,
          chequers_serial_rivers_large_b, chequers_serial_rivers_small_a,
          chequers_serial_rivers_micro_c, chequers_serial_rivers_large_a,
          serial_shops, shop, kennysheep_flooded_box
D:7:      layout_basic, marbit_many_paths, vehumet_crystals, uniq_harold,
          uniq_crazy_yiuf_cottage
D:8:      layout_loops_ring, mainiacjoe_overflow_cross_hatched,
          nicolae_gozag_cash_rules_everything_around_me, general_overflow_altar
D:9:      layout_stronghold, david_lair_generic, enter_bailey_5, serial_shops,
          nicolae_shop_advertising_works [nicolae_subvault_shop_adworks],
          uniq_grum
D:10:     minmay_statue_hallways, layout_basic, slow_altar_1,
          lemuel_doored_altar, mainiacjoe_overflow_chevrons
D:11:     layout_basic, orc_0_dummy
D:12:     layout_cave_pools, serial_shops, shop, grunt_decor_fettered
D:13:     layout_roguey, enter_trove_3, gauntlet_entry_generic, minivault_21,
          roderic_batcave, uniq_jorgrun
D:14:     minmay_the_grid_triangle_9x9_rhombus_thin
          [minmay_the_grid_triangle_9x9_swiss_cheese,
          minmay_the_grid_triangle_9x9_prize_schism,
          minmay_the_grid_triangle_9x9_shrine,
          minmay_the_grid_triangle_9x9_windchime], layout_loops_ring,
          erik_vaults_2, chequers_garden, nicolae_ashenzari_skybound
D:15:     grunt_enter_depths_snipers, layout_long_grid,
          nicolae_hepliaklqana_hazy_memory, grunt_decor_one_mirror
Lair:1:   layout_long_grid, hellmonk_ghost_happy_afterlife
Lair:2:   layout_regular_city, minmay_snake_entry_spellcaster,
          chequers_serial_rivers_room_b
Lair:3:   layout_gridlike, ebering_ghost_disaster_area
Lair:4:   layout_long_grid, nicolae_swamp_entry_splash_gauntlet,
          chequers_serial_rivers_micro_c, worms_lemuel
Lair:5:   layout_gridlike, slime_dummy, gammafunk_ghost_necromancy,
          grunt_megastairs_2, lemuel_fruit_tree, uniq_sonja
Lair:6:   hellmonk_lair_end_abyssal_woods, layout_cave_shapes,
          nicolae_volcano_entry_two_sided, special_room
          [special_room_mythical_zoo], serial_forest, infiniplex_forest_3_way,
          infiniplex_forest_clump_double, infiniplex_forest_clump_cross,
          infiniplex_forest_end_2, infiniplex_forest_lined_4_way,
          infiniplex_forest_clump_small, infiniplex_forest_lined_room_2,
          st_stairs_12
Swamp:1:  layout_basic_swamp, evilmike_swamp_ruin_house_5,
          infiniplex_staircase_pool_2
Swamp:2:  layout_basic_swamp, nicolae_swamp_some_circles
Swamp:3:  layout_basic_swamp, evilmike_swamp_ruin_rubble_2, uniq_louise,
          uniq_mara
Swamp:4:  swamp, layout_basic_swamp, swamp_pool2, uniq_aizul, uniq_mlioglotl
Orc:1:    layout_caves, uniq_erica
Orc:2:    st_orc_rangers, layout_diamond_mine
Elf:1:    elf_arrival_001, layout_loops_corners, serial_shops, shop,
          mu_enter_wizlab_7, hangedman_elf_disciples
Vaults:1: v_rooms_6, v_misc_1, v_misc_27, ontoclasm_vaults_misaligned,
          vaults_room_pool, vaults_room_stairs_pillars, v_misc_25,
          ontoclasm_vaults_loading_screen, hangedman_vaults_snaps,
          nicolae_vaults_circle_grid_a, hangedman_vaults_cutoff, v_misc_2,
          ontoclasm_vaults_gallery, v_misc_14, ontoclasm_vaults_ring_small,
          ontoclasm_vaults_misaligned, hangedman_vaults_stretched_pinwheel,
          grunt_vaults_focal, layout_vaults_omnibox
Vaults:2: nicolae_vaults_diagonal_hallway_7, nicolae_vaults_asterisk,
          hangedman_vaults_maws, nicolae_vaults_shelves_hall,
          ontoclasm_vaults_loading_screen, nicolae_vaults_little_squares_4,
          hangedman_vaults_stagger, nicolae_vaults_network_star,
          nicolae_vaults_little_ls, vaults_room_semicircle,
          layout_vaults_omnigrid, serial_shops, shop_fountains
Vaults:3: v_pattern_1, blue_anna_dwarven_crypt, vaults_room_boxed,
          vaults_room_octagon, ontoclasm_vaults_loading_screen,
          nicolae_vaults_network_periphery, nicolae_vaults_specimen_jars,
          nicolae_vaults_asterisk, nicolae_vaults_gold_heap,
          nicolae_vaults_border_crossing, nicolae_vaults_mini_display_case,
          nicolae_vaults_rhombus_6, layout_vaults_chaotic_city, uniq_asterion

Skill      XL: |  1  2  3  4  5  6  7  8  9 10 11 12 13 14 15 16 17 18 |
---------------+-------------------------------------------------------+-----
Stealth        | 1 2 3 4 5 6 7 8 9 11 12 13 14 15 | 15.1
Fighting       | 2 3 4 5 6 8 9 10 11 12 13 14 | 14.0
Dodging        | 2 3 4 5 6 8 9 10 11 12 13 14 | 14.0
Crossbows      | 4 5 6 8 10 11 13 14 16 17 18 19 | 19.5
Evocations     | 1 2 3 4 5 6 7 |  7.0
Transmutations | 4 |  4.4
Hexes          | 4 |  4.2
Spellcasting   | 3 |  3.9

Action                   |  1- 3 |  4- 6 |  7- 9 | 10-12 | 13-15 | 16-18 || total
-------------------------+-------+-------+-------+-------+-------+-------++-------
Melee: Hand crossbow     |       |       |       |       |    30 |     2 ||    32
 Fire: Hand crossbow     |   123 |   142 |   278 |   748 |  1646 |  1501 ||  4438
Evoke: Wand              |       |       |       |     1 |     1 |    18 ||    20
       Box of beasts     |       |       |       |       |       |     1 ||     1
  Use: Scroll            |       |     6 |       |     7 |    12 |    13 ||    38
       Potion            |       |       |       |       |     9 |     4 ||    13
 Stab: Distracted        |       |       |       |       |       |     1 ||     1
Armor: Leather armour    |     6 |     7 |    15 |     5 |    59 |       ||    92
       Troll leather arm |       |       |       |    23 |    98 |       ||   121
       Plate armour      |       |       |       |     3 |    42 |       ||    45
       Ring mail         |       |       |       |       |    35 |   259 ||   294
Dodge: Dodged            |    29 |    52 |    89 |   323 |  1442 |  1672 ||  3607

Table legend: (Time is in decaauts)
 A = Elapsed time spent in this place.
 B = Non-inter-level travel time spent in this place.
 C = Inter-level travel time spent in this place.
 D = Time resting spent in this place.
 E = Time spent auto-exploring this place.
 F = Levels seen in this place.
 G = Mean time per level.
                   A        B        C        D        E       F      G
               +--------+--------+--------+--------+--------+-----+--------+
         Total |  34501 |  31924 |   2577 |   3627 |  19165 |  36 |  958.4 |
       Dungeon |  14607 |  13137 |   1470 |    344 |   9905 |  15 |  973.8 |
          Lair |   6276 |   5797 |    479 |    446 |   3810 |   6 | 1046.0 |
         Swamp |   4677 |   4436 |    241 |   1363 |   1816 |   4 | 1169.2 |
  Orcish Mines |   1438 |   1244 |    194 |    137 |    701 |   2 |  719.0 |
   Elven Halls |    314 |    252 |     62 |     53 |      0 |   1 |  314.0 |
        Vaults |   5049 |   4919 |    130 |    691 |   2770 |   3 | 1683.0 |
         Abyss |    490 |    490 |      0 |     65 |      0 |   1 |  490.0 |
        Bailey |    508 |    508 |      0 |    147 |      9 |   1 |  508.0 |
       Volcano |    376 |    376 |      0 |     55 |    124 |   1 |  376.0 |
        Wizlab |     33 |     33 |      0 |      0 |      0 |   1 |   33.0 |
      Gauntlet |    728 |    728 |      0 |    324 |     28 |   1 |  728.0 |
               +--------+--------+--------+--------+--------+-----+--------+

Top non-repeatable levels by time:
Vaults:2: 1918 daAuts
    D:14: 1729 daAuts
Vaults:1: 1679 daAuts
 Swamp:3: 1556 daAuts
  Lair:6: 1526 daAuts
Vaults:3: 1451 daAuts
    D:11: 1396 daAuts
     D:9: 1379 daAuts
 Swamp:4: 1309 daAuts
    D:10: 1203 daAuts
  Lair:5: 1151 daAuts
    D:15: 1101 daAuts
     D:6: 1021 daAuts
 Swamp:1: 1016 daAuts
     D:2: 991 daAuts
